 Dungeon Crawl Stone Soup version 0.30.0-29-ga12c61a403 (webtiles) character file.

Game seed: 16001025365209827096

74 qw the Chopper (level 4, -1/28 HPs)
             Began as a Gargoyle Fighter on June 3, 2023.
             Slain by Sigmund
             ... wielding a +0 scythe
              (10 damage)
             ... on level 2 of the Dungeon.
             The game lasted 00:00:42 (1006 turns).

qw the Chopper (Gargoyle Fighter)                   Turns: 1006, Time: 00:00:43

Health: -1/28      AC: 10    Str: 21    XL:     4   Next: 30%
Magic:  4/4        EV:  9    Int:  9    God:
Gold:   73         SH:  4    Dex:  9    Spells: 3/3 levels left

rFire   . . .        Y - +0 war axe
rCold   . . .        c - +0 buckler
rNeg    + . .        b - +0 scale mail
rPois   inf          (no helmet)
rElec   +            (no cloak)
rCorr   .            (no gloves)
SInv    .            (no boots)
Will    .....        (no amulet) Stlth
                     (no ring)
HPRegen 0.24/turn    (no ring)
MPRegen 0.09/turn

%: no passive effects
@: no status effects
A: sickness immunity, AC +3, negative energy resistance 1, electricity
resistance, torment resistance 1, petrification resistance
a: no special abilities


You were on level 2 of the Dungeon.
You visited 1 branch of the dungeon, and saw 2 of its levels.

You collected 73 gold pieces.


Innate Abilities, Weirdness & Mutations

You are immune to sickness and miasma.
Your stone body is resilient. (AC +3)
You are immune to poison.
You resist negative energy. (rN+)
You are resistant to electric shocks. (rElec)
You are resistant to unholy torment.
You are immune to petrification.


   Skills:
 - Level 3.2 Fighting
 + Level 4.0 Axes
 - Level 3.2 Armour
 - Level 3.2 Shields


You had 3 spell levels left.
You didn't know any spells.
Your spell library was empty.

Inventory:

Hand Weapons
 l - a +0 morningstar
 Y - a +0 war axe (weapon)
Armour
 a - the +3 chain mail of Qaimate {-Cast rF+++ Dex-5 Stlth+}
   (You found it on level 2 of the Dungeon)

   Dex:       It affects your dexterity (-5).
   rF:        It renders you almost immune to fire.
   -Cast:     It prevents spellcasting.
   Stlth:     It makes you more stealthy.
 b - a +0 scale mail (worn)
 c - a +0 buckler (worn)
Scrolls
 h - 2 scrolls of identify
 i - a scroll of enchant armour
 k - a scroll of amnesia {unknown}
Potions
 d - 2 potions of might
 e - a potion of degeneration {unknown}
 f - a potion of lignification {unknown}

Dungeon Overview and Level Annotations

Branches:
Dungeon (2/15)

Altars:

Annotations:
D:2 Sigmund


Message History

You hear some strange, mumbled words.
You are confused.
995 ||| DRINKING potion of curing.
You feel better.
995 ||| (to cure confusion)
Something hits you but does no damage.
You closely miss something. Something hits you but does no damage.
You closely miss something. Something hits you. The goblin closely misses you.
You completely miss the goblin. You miss something.
The goblin hits you but does no damage.
You hear some strange, mumbled words.
A puff of flame appears from out of thin air!
The puff of flame hits you.
You barely miss the goblin. You closely miss something.
You block the goblin's attack. Something hits you but does no damage.
You hit the goblin but do no damage. You barely miss something.
You block the goblin's attack.
You hear some strange, mumbled words.
Something tries to affect you, but you resist.
The goblin hits you but does no damage.
You hit the goblin.
You kill the goblin!
You miss something. Something hits you but does no damage.
You hit something but do no damage.
You hear some strange, mumbled words.
A puff of flame appears from out of thin air!
The puff of flame misses you.
You slash something!
You hear some strange, mumbled words.
A puff of flame appears from out of thin air!
The puff of flame hits you but does no damage.
Something hits you.
You closely miss something. You hit something. Something hits you!
You barely miss something. Something hits you!
You die...

......... #.######...... .
......... #............# .#
.........
#............##.##..........
#..................#........
#..................#......g.
#...............# #.....@..
#...........)..###.>.....S..
#..........@{...............
#.......####..........[.....
#.......# .##...##........
#.......####.# #...........
###........... ##........
####...........# #........
#....)..........
####............
#..........#


There were no monsters in sight!

Vanquished Creatures
  A gnoll (D:1)
  2 adders (D:2)
  A worm (D:2)
  2 dart slugs (D:1)
  4 ball pythons
  4 endoplasms
  3 giant cockroaches
  5 goblins
  4 hobgoblins
  3 kobolds
  A quokka (D:1)
  A bat (D:1)
  4 frilled lizards
  3 rats (D:1)
38 creatures vanquished.

Notes
Turn   | Place    | Note
-------+----------+-------------------------------------------
     0 | D:1      | qw the Gargoyle Fighter began the quest for the Orb.
     0 | D:1      | Reached XP level 1. HP: 14/14 MP: 1/1
     0 | D:1      | 0 ||| qw: Version: 0.2-a-103-g5a998e5
     0 | D:1      | 0 ||| qw: Game counter: 1064
     0 | D:1      | 0 ||| qw: Always use a shield: true
     0 | D:1      | 0 ||| qw: God list: Okawaru
     0 | D:1      | 0 ||| qw: Allow faded altars: false
     0 | D:1      | 0 ||| qw: Do Orc after D:15 true
     0 | D:1      | 0 ||| qw: Do second Lair branch before Depths: true
     0 | D:1      | 0 ||| qw: Lair rune preference: random
     0 | D:1      | 0 ||| qw: Plans: Normal, Zot:1-4, Slime:5, God:TSO, Crypt,
                  | Tomb, Pan, Hells, Abyss, Win
     0 | D:1      | 0 ||| PLANNING D:1-11
    28 | D:1      | Reached skill level 2 in Axes
    40 | D:1      | 40 ||| Stepping ~*~*~tactically~*~*~ (hiding).
    50 | D:1      | Reached XP level 2. HP: 19/19 MP: 2/2
   189 | D:1      | Reached skill level 3 in Axes
   189 | D:1      | Reached XP level 3. HP: 20/23 MP: 3/3
   189 | D:1      | 189 ||| FLEEEEING.
   191 | D:1      | 191 ||| Stepping ~*~*~tactically~*~*~ (hiding).
   193 | D:1      | 193 ||| Stepping ~*~*~tactically~*~*~ (hiding).
   343 | D:1      | 343 ||| Stepping ~*~*~tactically~*~*~ (stealth).
   456 | D:1      | 456 ||| Stepping ~*~*~tactically~*~*~ (stealth).
   533 | D:1      | 533 ||| DROPPING +0 club.
   700 | D:1      | 700 ||| READING 2 scrolls labelled UTWO ZYEPOL.
   704 | D:1      | 704 ||| READING 2 scrolls labelled KUOTIOFFIHOE.
   705 | D:1      | 705 ||| READING 2 scrolls labelled CODEOSHR KEZEJ.
   706 | D:1      | 706 ||| READING scroll labelled YSTRYCL VUPTYOHY.
   707 | D:1      | 707 ||| DRINKING 2 pink potions.
   779 | D:2      | Noticed Sigmund
   786 | D:2      | HP: 4/23 [Sigmund/magic dart (4)]
   787 | D:2      | 787 ||| READING scroll of teleportation.
   788 | D:2      | HP: 1/23 [Sigmund/+0 scythe (4)]
   789 | D:2      | Identified the +3 chain mail of Qaimate {-Cast rF+++ Dex-5
                  | Stlth+}
   804 | D:2      | 804 ||| Stepping ~*~*~tactically~*~*~ (stealth).
   813 | D:2      | 813 ||| Stepping ~*~*~tactically~*~*~ (stealth).
   828 | D:2      | 828 ||| Stepping ~*~*~tactically~*~*~ (stealth).
   829 | D:2      | 829 ||| Stepping ~*~*~tactically~*~*~ (stealth).
   830 | D:2      | 830 ||| Stepping ~*~*~tactically~*~*~ (hiding).
   833 | D:2      | 833 ||| Stepping ~*~*~tactically~*~*~ (stealth).
   834 | D:2      | 834 ||| Stepping ~*~*~tactically~*~*~ (hiding).
   851 | D:2      | Reached XP level 4. HP: 9/28 MP: 4/4
   962 | D:2      | Reached skill level 4 in Axes
   980 | D:2      | 980 ||| DROPPING +0 mace.
   995 | D:2      | 995 ||| DRINKING potion of curing.
   995 | D:2      | 995 ||| (to cure confusion)
  1006 | D:2      | Slain by Sigmund

Levels and vault maps discovered:
D:1:      matt_arrival_grand_opening, layout_basic,
          wander_ebering_terrifying_dragon_lair
D:2:      layout_rooms, uniq_sigmund

Skill      XL: |  1  2  3  4 |
---------------+-------------+-----
Axes           | 2 3 4 |  4.0
Fighting       | |  3.2
Armour         | |  3.2
Shields        | |  3.2

Action                     |  1- 3 |  4- 6 || total
---------------------------+-------+-------++-------
  Melee: War axe           |    96 |    30 ||   126
    Use: Scroll            |     5 |       ||     5
         Potion            |     1 |     1 ||     2
 Armour: Scale mail        |    46 |    14 ||    60
  Dodge: Dodged            |    41 |    10 ||    51
  Block: Buckler           |    18 |     7 ||    25

Table legend:
 A = Non-vault XP
 B = Vault XP
 C = Vault XP percentage of total XP
 D = Non-vault monster count
 E = Vault monster count
 F = Vault count percentage of total count
                 A         B        C        D         E       F
            +---------+---------+-------+---------+---------+-------
      Total |     106 |       1 |   0.9 |      37 |       1 |   2.6
            +---------+---------+-------+---------+---------+-------
        D:1 |      62 |       1 |   1.6 |      26 |       1 |   3.7
        D:2 |      44 |       0 |   0.0 |      11 |       0 |   0.0
            +---------+---------+-------+---------+---------+-------
